 Dungeon Crawl Stone Soup version 0.21.1-1-g345015f (webtiles) character file.

106 Azure the Shield-Bearer (level 4, -3/41 HPs)
             Began as a Gnoll Fighter on Feb 17, 2018.
             Slain by Crazy Yiuf
             ... wielding a +3 quarterstaff of chaos
              (10 damage)
             ... on level 2 of the Dungeon.
             The game lasted 00:04:22 (1504 turns).

Azure the Shield-Bearer (Gnoll Fighter)             Turns: 1504, Time: 00:04:23

Health: -3/41      AC:  7    Str: 24    XL:     4   Next: 84%
Magic:  2/5        EV:  8    Int: 10    God:
Gold:   90         SH: 12    Dex: 17    Spells: 5/5 levels left

rFire    . . .     SeeInvis .   a - +0 flail
rCold    . . .     Gourm    .   c - +1 shield
rNeg     . . .     Faith    .   b - +0 scale mail
rPois    .         Spirit   .   (no helmet)
rElec    .         Reflect  .   (no cloak)
rCorr    .         Harm     .   (no gloves)
MR       .....                  (no boots)
Stlth    ..........             (no amulet)
HPRegen  0.13/turn              g - +5 ring of strength
MPRegen  0.09/turn              j - +2 ring of dexterity

@: drained
A: distributed training, fangs 1, strong nose
a: no special abilities


You were on level 2 of the Dungeon.
You were not hungry.

You visited 1 branch of the dungeon, and saw 2 of its levels.

You collected 90 gold pieces.

Inventory:

Hand Weapons
 a - a +0 flail (weapon)
Missiles
 k - 15 bolts
Armour
 b - a +0 scale mail (worn)
 c - a +1 shield (worn)
Jewellery
 g - a +5 ring of strength (left hand)
 j - a +2 ring of dexterity (right hand)
Wands
 o - a wand of flame (27)
 p - a wand of random effects (27)
Scrolls
 m - a scroll of enchant armour
Potions
 d - a potion of might
 l - 2 potions of lignification
Comestibles
 f - 6 rations


   Skills:
 + Level 6.6(6.3) Fighting
 + Level 1.2(0.9) Short Blades
 + Level 1.2(0.9) Long Blades
 + Level 1.2(0.9) Axes
 + Level 4.7(4.4) Maces & Flails
 + Level 1.2(0.9) Polearms
 + Level 1.2(0.9) Staves
 + Level 1.2(0.9) Slings
 + Level 1.2(0.9) Bows
 + Level 1.2(0.9) Crossbows
 + Level 1.2(0.9) Throwing
 + Level 6.6(6.3) Armour
 + Level 1.2(0.9) Dodging
 + Level 1.2(0.9) Stealth
 + Level 6.6(6.3) Shields
 + Level 1.2(0.9) Unarmed Combat
 + Level 1.2(0.9) Spellcasting
 + Level 1.0(0.7) Conjurations
 + Level 1.0(0.7) Hexes
 + Level 1.0(0.7) Charms
 + Level 1.0(0.7) Summonings
 + Level 1.0(0.7) Necromancy
 + Level 1.0(0.7) Translocations
 + Level 1.0(0.7) Transmutations
 + Level 1.0(0.7) Fire Magic
 + Level 1.0(0.7) Ice Magic
 + Level 1.0(0.7) Air Magic
 + Level 1.0(0.7) Earth Magic
 + Level 1.0(0.7) Poison Magic
 + Level 1.3(1.1) Invocations
 + Level 1.2(0.9) Evocations


You had 5 spell levels left.
You didn't know any spells.

Dungeon Overview and Level Annotations

Branches:
Dungeon (2/15)

Altars:

Annotations:
D:2 Crazy Yiuf


Innate Abilities, Weirdness & Mutations

Your experience applies equally to all skills.
You have very sharp teeth.
Your uncanny sense of smell can sniff out nearby items.


Message History

Crazy Yiuf hits you with a quarterstaff of chaos!
Crazy Yiuf draws strength from your wounds!
You closely miss Crazy Yiuf. Your bite misses Crazy Yiuf.
Crazy Yiuf is moderately wounded.
Crazy Yiuf yells, "Whippet koolooloo snockshim!"
You block Crazy Yiuf's attack.
You barely miss Crazy Yiuf.
Crazy Yiuf is moderately wounded.
Crazy Yiuf hits you with a quarterstaff of chaos!
You feel your power leaking away.
You sock Crazy Yiuf!
Crazy Yiuf is severely wounded.
Crazy Yiuf hits you with a quarterstaff of chaos.
* * * LOW HITPOINT WARNING * * *
You feel drained.
* * * LOW HITPOINT WARNING * * *
You hit Crazy Yiuf. You bite Crazy Yiuf, but do no damage.
Crazy Yiuf is almost dead.
Crazy Yiuf hits you with a quarterstaff of chaos!
You die...

####### ###### ###...#.########
#...#. #####...PP.#..##...#
#.#.#. #.........####.'@g.#
#.#.#. #.....#.P## ###..)# #.#...
#....##### ##### #.#### #....##
### #..... ......# #.# ######
......####### ####.# #..
......##....# #....########.#
......##....#######....##....##..
..............).........'........


You could see Crazy Yiuf.

Vanquished Creatures
  Terence (D:2)
  4 adders (D:2)
  2 worms (D:2)
  A leopard gecko (D:1)
  2 giant cockroaches (D:2)
  3 goblins (D:2)
  6 hobgoblins
  5 kobolds
  A quokka (D:2)
  11 bats
  3 frilled lizards
  2 rats
41 creatures vanquished.

Notes
Turn   | Place    | Note
-------+----------+-------------------------------------------
     0 | D:1      | Azure the Gnoll Fighter began the quest for the Orb.
     0 | D:1      | Reached XP level 1. HP: 23/23 MP: 1/1
   140 | D:1      | Reached XP level 2. HP: 29/29 MP: 2/2
   728 | D:2      | Reached XP level 3. HP: 31/35 MP: 3/3
   781 | D:2      | Reached skill level 1 in Invocations
   817 | D:2      | Noticed Terence
   842 | D:2      | Killed Terence
   842 | D:2      | Reached skill level 1 in Short Blades
   842 | D:2      | Reached skill level 1 in Long Blades
   842 | D:2      | Reached skill level 1 in Axes
   842 | D:2      | Reached skill level 1 in Polearms
   842 | D:2      | Reached skill level 1 in Staves
   842 | D:2      | Reached skill level 1 in Slings
   842 | D:2      | Reached skill level 1 in Bows
   842 | D:2      | Reached skill level 1 in Crossbows
   842 | D:2      | Reached skill level 1 in Throwing
   842 | D:2      | Reached skill level 1 in Dodging
   842 | D:2      | Reached skill level 1 in Stealth
   842 | D:2      | Reached skill level 1 in Unarmed Combat
   842 | D:2      | Reached skill level 1 in Spellcasting
   842 | D:2      | Reached skill level 1 in Evocations
   842 | D:2      | Reached XP level 4. HP: 37/41 MP: 5/5
  1158 | D:2      | Found a runed door.
  1194 | D:2      | Reached skill level 1 in Conjurations
  1194 | D:2      | Reached skill level 1 in Hexes
  1194 | D:2      | Reached skill level 1 in Charms
  1194 | D:2      | Reached skill level 1 in Summonings
  1194 | D:2      | Reached skill level 1 in Necromancy
  1194 | D:2      | Reached skill level 1 in Translocations
  1194 | D:2      | Reached skill level 1 in Transmutations
  1194 | D:2      | Reached skill level 1 in Fire Magic
  1194 | D:2      | Reached skill level 1 in Ice Magic
  1194 | D:2      | Reached skill level 1 in Air Magic
  1194 | D:2      | Reached skill level 1 in Earth Magic
  1194 | D:2      | Reached skill level 1 in Poison Magic
  1494 | D:2      | Noticed Crazy Yiuf
  1497 | D:2      | Paralysed by Crazy Yiuf for 2 turns
  1504 | D:2      | Slain by Crazy Yiuf

Skill      XL: |  1  2  3  4 |
---------------+-------------+-----
Invocations    | 1 |  1.3
Short Blades   | 1 |  1.2
Long Blades    | 1 |  1.2
Axes           | 1 |  1.2
Polearms       | 1 |  1.2
Staves         | 1 |  1.2
Slings         | 1 |  1.2
Bows           | 1 |  1.2
Crossbows      | 1 |  1.2
Throwing       | 1 |  1.2
Dodging        | 1 |  1.2
Stealth        | 1 |  1.2
Unarmed Combat | 1 |  1.2
Spellcasting   | 1 |  1.2
Evocations     | 1 |  1.2
Conjurations   | 1 |  1.0
Hexes          | 1 |  1.0
Charms         | 1 |  1.0
Summonings     | 1 |  1.0
Necromancy     | 1 |  1.0
Translocations | 1 |  1.0
Transmutations | 1 |  1.0
Fire Magic     | 1 |  1.0
Ice Magic      | 1 |  1.0
Air Magic      | 1 |  1.0
Earth Magic    | 1 |  1.0
Poison Magic   | 1 |  1.0
Fighting       | |  6.6
Maces & Flails | |  4.7
Armour         | |  6.6
Shields        | |  6.6

Action                   |  1- 3 |  4- 6 || total
-------------------------+-------+-------++-------
Melee: Flail             |   100 |    46 ||   146
       Bite              |    14 |    10 ||    24
  Use: Scroll            |       |     7 ||     7
  Eat: Chunk             |       |     2 ||     2
Armor: Scale mail        |    46 |    16 ||    62
Dodge: Dodged            |    29 |    12 ||    41
Block: Shield            |    62 |    19 ||    81
